 Dungeon Crawl Stone Soup version 0.30-a0-54-g2e61a25929 (webtiles) character file.

Game seed: 17982359659111081385

25 Newt the Ducker (level 2, -1/22 HPs)
             Began as a Demonspawn Gladiator on Sept 8, 2022.
             Slain by a hobgoblin (2 damage)
             ... led by Robin
             ... on level 2 of the Dungeon.
             The game lasted 00:01:06 (778 turns).

Newt the Ducker (Demonspawn Gladiator)               Turns: 778, Time: 00:01:07

Health: -1/22      AC:  4    Str: 14    XL:     2   Next: 86%
Magic:  2/2        EV: 12    Int:  9    God:
Gold:   49         SH:  0    Dex: 14    Spells: 1/1 levels left

rFire   . . .      SeeInvis .    a - +0 rapier
rCold   . . .      Faith    .    (no shield)
rNeg    . . .      Spirit   .    b - +0 leather armour
rPois   .          Reflect  .    c - +0 helmet
rElec   .          Harm     .    (no cloak)
rCorr   .          Rampage  .    (no gloves)
Will    .....                    (no boots)
Stlth   ++........               f - amulet of magic regeneration
HPRegen 0.07/turn                (no ring)
MPRegen 0.48/turn                (no ring)

@: no status effects
A: sturdy frame 1
a: no special abilities


You were on level 2 of the Dungeon.
You visited 1 branch of the dungeon, and saw 2 of its levels.

You collected 49 gold pieces.

Inventory:

Hand Weapons
 a - a +0 rapier (weapon)
 k - a +0 sling
Missiles
 d - 3 throwing nets (quivered)
 e - a javelin
 h - 13 stones
Armour
 b - a +0 leather armour (worn)
 c - a +0 helmet (worn)
Jewellery
 f - an amulet of magic regeneration (around neck)
Scrolls
 j - a scroll of identify {unknown}
Potions
 g - a potion of mutation {unknown}


   Skills:
 + Level 2.3 Fighting
 - Level 2.6 Short Blades
 - Level 1.7 Throwing
 - Level 2.6 Dodging
 + Level 2.3 Stealth


You had one spell level left.
You didn't know any spells.
Your spell library contained the following spells:

 Spells                   Type           Power      Damage    Failure   Level
 Slow                     Hex            0%         N/A       38%         1
 Confusing Touch          Hex            0%         N/A       77%         3
 Vampiric Draining        Necr           0%         2d6       77%         3


Dungeon Overview and Level Annotations

Branches:
Dungeon (2/15)

Altars:

Annotations:
D:2 Robin


Innate Abilities, Weirdness & Mutations

Your movements are slightly less encumbered by armour. (ER -2)


Message History

The hobgoblin hits you but does no damage. x2
The goblin closely misses you. The hobgoblin misses you.
The goblin hits you but does no damage.
Robin roars a battlecry!
The goblins go into a battle-frenzy!
You hear a shout!
The goblin attacks as you move away! The goblin barely misses you.
You hear a shout!
The hobgoblin closely misses you. The goblin barely misses you.
Robin roars a battlecry!
The goblin attacks as you move away! The goblin hits you with a +0 club.
The hobgoblin attacks as you move away! The hobgoblin closely misses you.
The hobgoblin attacks as you move away! The hobgoblin misses you.
The hobgoblin attacks as you move away! The hobgoblin closely misses you.
You barely miss the hobgoblin.
The hobgoblin hits you but does no damage.
You hit the hobgoblin.
The hobgoblin is heavily wounded.
The hobgoblin closely misses you. Robin throws the goblin at you!
You closely miss the goblin. The hobgoblin hits you.
The goblin hits you with a +0 club.
Robin roars a battlecry!
You hear a shout!
You hit the goblin.
The goblin is severely wounded.
You hear a shout!
The hobgoblin hits you.
* * * LOW HITPOINT WARNING * * *
The goblin closely misses you. The hobgoblin closely misses you.
The goblin hits you but does no damage.
You hit the goblin.
You kill the goblin!
The hobgoblin barely misses you. Robin throws the goblin at you!
* * * LOW HITPOINT WARNING * * *
Unknown command.
Unknown command.
As you read the scroll labelled MOATUQEOMA, it crumbles to dust.
You feel aware of your surroundings.
It was a scroll of magic mapping.
The hobgoblin hits you.
You die...

#.##############.#
..#............#.#
.##.........#..#.#
..#..######.#..#.#
.##..#,,,,#.##.#.#
.....#,,,,#....#.#
####.#**,*####.#.#######
.....#,,,,,,,#.#g#.....#
######******,#.#@#.....#
.....,,,,,,*,#.#g#.....#
.....,,,**,*,#.#g#gg...#
#####**,**,*,#.#.#.....##
...# *,**,*,#.#g.g.....#
##.# *,**,*,#.###g.....#
*,* *,**,*,#.# ######.#
*,****,**,*,#^# #)#
*,,,,,,**,,,#.#***####.####


You could see Robin, 2 hobgoblins and a goblin (strong).

Vanquished Creatures
  A dart slug (D:1)
  2 ball pythons (D:1)
  2 bats
  An endoplasm (D:1)
  3 giant cockroaches (D:1)
  4 goblins
  2 hobgoblins
  A quokka (D:1)
  A frilled lizard (D:1)
  2 kobolds (D:1)
  A rat (D:2)
20 creatures vanquished.

Vanquished Creatures (others)
  4 toadstools (D:1)
4 creatures vanquished.

Grand Total: 24 creatures vanquished

Notes
Turn   | Place    | Note
-------+----------+-------------------------------------------
     0 | D:1      | Newt the Demonspawn Gladiator began the quest for the Orb.
     0 | D:1      | Reached XP level 1. HP: 16/16 MP: 1/1
    60 | D:1      | Reached skill level 1 in Stealth
   169 | D:1      | Gained mutation: Your movements are slightly less
                  | encumbered by armour. (ER -2) [demonic ancestry]
   169 | D:1      | Reached XP level 2. HP: 22/22 MP: 2/2
   308 | D:1      | Found a faded altar of an unknown god.
   736 | D:2      | Noticed Robin
   777 | D:2      | HP: 1/22 [Robin/goblin (2)]
   778 | D:2      | Slain by a hobgoblin

Illustrated notes

Levels and vault maps discovered:
D:1:      ldierk_walled_garden_2, layout_rooms,
          shapermc_ecumenical_altar_acropolis
D:2:      layout_basic, kennysheep_generic_room_8, uniq_crazy_yiuf_cottage,
          uniq_robin

Skill      XL: |  1  2 |
---------------+-------+-----
Stealth        | 1 2 |  2.3
Fighting       | |  2.3
Short Blades   | |  2.6
Throwing       | |  1.7
Dodging        | |  2.6

Action                   || total
-------------------------++-------
Melee: Rapier            ||    55
  Use: Scroll            ||     1
 Stab: Sleeping          ||     2
Armor: Leather armour    ||    30
Dodge: Dodged            ||    53

Table legend: (Time is in decaauts)
 A = Elapsed time spent in this place.
 B = Non-inter-level travel time spent in this place.
 C = Inter-level travel time spent in this place.
 D = Time resting spent in this place.
 E = Time spent auto-exploring this place.
 F = Levels seen in this place.
 G = Mean time per level.
                   A        B        C        D        E       F      G
               +--------+--------+--------+--------+--------+-----+--------+
         Total |    781 |    757 |     24 |      0 |    582 |   2 |  390.5 |
       Dungeon |    781 |    757 |     24 |      0 |    582 |   2 |  390.5 |
               +--------+--------+--------+--------+--------+-----+--------+

Top non-repeatable levels by time:
     D:1: 441 daAuts
     D:2: 339 daAuts
